 Dungeon Sprint DCSS version 0.27-a0-1193-g8631133539 (webtiles) character file.

Game seed: 4291076090486076623

3022 Zeld the Sage (level 9, -5/79 HPs)
             Began as an Octopode Transmuter on May 27, 2021.
             Was a High Priest of Sif Muna.
             Slain by a cane toad (19 damage)
             ... in the Dungeon (Sprint V: "Ziggurat Sprint").
             The game lasted 00:03:25 (1123 turns).

Zeld the Sage (Octopode Transmuter)                 Turns: 1123, Time: 00:03:25

Health: -5/79      AC:  8    Str: 24    XL:     9   Next: 85%
Magic:  20/23      EV: 12    Int: 28    God:    Sif Muna [*****.]
Gold:   0          SH:  5    Dex: 12    Spells: 14/29 levels left

rFire    . . .     SeeInvis .     - Unarmed
rCold    + + +     Faith    .   (shield currently unavailable)
rNeg     . . .     Spirit   .   (helmet currently unavailable)
rPois    +         Reflect  +   x - amulet of reflection
rElec    .         Harm     .   u - +6 ring of strength
rCorr    .         Rampage  .   t - +6 ring of intelligence
Will     .....     NoTele   +   v - +6 ring of strength
Stlth    +.........             s - +6 ring of intelligence
HPRegen  0.23/turn              y - ring of wizardry
MPRegen  0.18/turn              D - ring of protection from fire
                                E - ring of wizardry
                                (no ring)

@: ice-form, studying Crossbows
A: freezing attack, boosted hp, almost no armour, amphibious, 8 rings, large,
(camouflage 1), (gelatinous body 1), (nimble swimmer 1), (tentacles)
a: End Transformation, Renounce Religion, Channel Magic, Forget Spell, Divine
Exegesis


You were in the Dungeon.
You worshipped Sif Muna.
Sif Muna was extremely pleased with you.
You were a creature of crystalline ice.
You visited 1 branch

Inventory:

Jewellery
 s - a +6 ring of intelligence (on tentacle)
 t - a +6 ring of intelligence (right front paw)
 u - a +6 ring of strength (left front paw)
 v - a +6 ring of strength (on tentacle)
 x - an amulet of reflection (around neck)
 y - a ring of wizardry (on tentacle)
 D - a ring of protection from fire (on tentacle)
 E - a ring of wizardry (on tentacle)
Wands
 p - a wand of mindburst (7)
 r - a wand of acid (7)
Scrolls
 g - 2 scrolls of blinking
 j - 4 scrolls of amnesia
 l - 7 scrolls of fog
 m - a scroll of holy word
 n - 5 scrolls of identify
 o - 2 scrolls of fear
Potions
 a - 2 potions of brilliance
 b - 10 potions of curing
 c - 10 potions of heal wounds
 d - 6 potions of haste
 e - 7 potions of magic
 f - 3 potions of berserk rage
 h - 2 potions of invisibility
 i - 4 potions of resistance
 k - 5 potions of might
Miscellaneous
 w - a lightning rod (4/4)
 z - a tin of tremorstones (2/2)
 A - a lightning rod (4/4)
 B - a tin of tremorstones (2/2)
 C - a piece from Xom's chessboard (15/15)
 F - a lightning rod (4/4)


   Skills:
 + Level 8.1 Fighting
 + Level 8.3 Dodging
 - Level 3.0 Unarmed Combat
 * Level 10.6 Spellcasting
 * Level 11.5 Transmutations
 * Level 11.5 Invocations


You had 14 spell levels left.
You knew the following spells:

 Your Spells              Type           Power      Damage    Failure   Level
a - Beastly Appendage     Tmut           100%       N/A       1%          1
b - Wereblood             Tmut           68%        N/A       1%          2
c - Spider Form           Tmut/Pois      23%        N/A       1%          3
d - Ice Form              Ice/Tmut       47%        N/A       1%          4
e - Hydra Form            Tmut           34%        N/A       1%          5

Your spell library contained the following spells:

 Spells                   Type           Power      Damage    Failure   Level
 Corona                   Hex            15%        N/A       1%          1
 Sandblast                Erth           28%        2d8       1%          1
 Corpse Rot               Necr/Air       N/A        N/A       1%          2
 Ensorcelled Hibernation  Hex/Ice        28%        N/A       1%          2
 Passwall                 Tmut/Erth      39%        N/A       1%          2
 Petrify                  Tmut/Erth      47%        N/A       1%          4
 Confusing Touch          Hex            14%        N/A       3%          3
 Dazzling Flash           Conj/Hex       28%        N/A       3%          3
 Gell's Gravitas          Tloc           7%         N/A       3%          3
 Portal Projectile        Hex/Tloc       28%        N/A       3%          3
 Stone Arrow              Conj/Erth      28%        3d8       3%          3
 Tukima's Dance           Hex            14%        N/A       3%          3
 Dragon Form              Tmut           34%        N/A       8%          7
 Passage of Golubria      Tloc           N/A        N/A       11%         4
 Summon Ice Beast         Ice/Summ       14%        N/A       11%         4
 Eringya's Noxious Bog    Tmut/Pois      23%        N/A       14%         6
 Bolt of Magma            Conj/Fire/Erth 7%         4d6       26%         5
 Iskenderun's Battlesphe  Conj           14%        2d7       26%         5
 Lee's Rapid Deconstruct  Erth           7%         3d7*      26%         5
 Manifold Assault         Tloc           14%        N/A       26%         5
 Summon Forest            Summ/Tloc      7%         N/A       26%         5
 Dispersal                Tloc           7%         N/A       78%         6
 Iron Shot                Conj/Erth      7%         9d2       78%         6
 Orb of Destruction       Conj           7%         9d3       99%         7
 Spellforged Servitor     Conj/Summ      7%         N/A       99%         7
 Summon Hydra             Summ           7%         N/A       99%         7
 Disjunction              Tloc           7%         N/A       100%        8


Dungeon Overview and Level Annotations

Branches:
Dungeon (1/1)

Altars:
Ashenzari
Cheibriados
Dithmenos
Elyvilon
Fedhas
Gozag
Hepliaklqana
Kikubaaqudgha
Makhleb
Nemelex Xobeh
Okawaru
Qazlal
Ru
Sif Muna
Trog
Uskayaw
Vehumet
Wu Jian
Xom
Yredelemnul
Zin
The Shining One
Beogh
Jiyva
Lugonu


Innate Abilities, Weirdness & Mutations

You are a creature of crystalline ice.
You have a powerful freezing melee attack.
Your maximum health is increased.
Your armour is entirely melded.
You are incapable of wielding weapons or throwing items.
You cannot wear most types of armour.
You are amphibious.
You can wear up to eight rings at the same time.
((Your skin changes colour to match your surroundings (Stealth+).))
((Your rubbery body absorbs attacks. (AC +1, EV +1)))
((You are camouflaged near water. (Stealth+)))
((You have tentacles for arms and can constrict up to eight enemies at once.))


Message History

The thunderbolt hits the four-headed hydra!
You kill the four-headed hydra!
Sif Muna accepts your kill.
The lightning rod overheats!
The cane toad closely misses you.
Your lightning rod (4/4) has regained four charges.
Your piece from Xom's chessboard (15/15) has regained one charge.
Your Fighting skill increases to level 8!
Your Dodging skill increases to level 8!
Your Invocations skill increases to level 11!
Unknown command.
Unknown command.
Casting: Hydra Form (dangerous; 1% risk of failure)
Confirm with . or Enter, or press ? or * to list all spells.
You turn into a creature of crystalline ice.
The cane toad stings you. You block the cane toad's attack.
You completely miss the cane toad.
The cane toad is moderately wounded.
The cane toad barely misses you. You block the cane toad's attack.
The cane toad stings you but does no damage.
You hit the cane toad but do no damage.
The cane toad is moderately wounded.
The cane toad stings you. You block the cane toad's attack.
You hit the cane toad. You freeze the cane toad.
The cane toad is moderately wounded.
The cane toad stings you! You block the cane toad's attack.
The cane toad stings you!!
* * * LOW HITPOINT WARNING * * *
You are too injured to fight recklessly!
You punch the cane toad!
The cane toad seems to slow down.
You freeze the cane toad.
The cane toad is severely wounded.
The cane toad stings you!
* * * LOW HITPOINT WARNING * * *
You are too injured to fight recklessly!
You are too injured to fight recklessly!
You pummel the jackal!! You freeze the jackal.
You kill the jackal!
Sif Muna accepts your kill. The cane toad stings you!!
You die...

▓..[:}..▓
▓..:[}..▓
▓...†...▓
▓.......▓
▓.......▓
▓.......▓
▓.▓..F▓.▓
▓...hFY.▓
▓▓▓▓▓▓▓▓▓


You could see 2 cane toads and a black bear (misshapen).

Vanquished Creatures
  A hydra (D)
  2 spriggans (D)
  A spriggan druid (D)
  A hornet (D)
  A tarantella (D)
  A naga (D)
  A water moccasin (D)
  2 black bears (D)
  A wolf (D)
  A bullfrog (D)
  A scorpion (D)
  2 crimson imps (D)
  3 adders (D)
  2 shadow imps (D)
  2 white imps (D)
  An ufetubus (D)
  4 ball pythons (D)
  A jackal (D)
28 creatures vanquished.

Notes
Turn   | Place    | Note
-------+----------+-------------------------------------------
     0 | D        | Zeld the Octopode Transmuter began the quest for the Orb.
     0 | D        | Reached XP level 1. HP: 13/13 MP: 3/3
     0 | D        | Found a shimmering blue altar of Sif Muna.
     0 | D        | Found a bloodstained altar of Trog.
     0 | D        | Found a sacrificial altar of Ru.
     0 | D        | Found a stormy altar of Qazlal.
     0 | D        | Found an iron altar of Okawaru.
     1 | D        | Found a sparkling altar of Nemelex Xobeh.
     1 | D        | Found a blossoming altar of Fedhas.
     2 | D        | Found the +6 Majin-Bo {vamp, MP+6 Int+6}
     2 | D        | Found the +9 heavy crossbow "Sniper" {vorpal, Acc+∞ SInv}
     2 | D        | Found the +10 dark maul {vorpal}
     2 | D        | Found the +15 Maxwell's patent armour {-Cast -Tele rElec
                  | Will+ rCorr}
     2 | D        | Found the +18 shield of the Gong {rElec rN+ Will+ EV-5}
     2 | D        | Found the +14 obsidian axe {vorpal, Drain Fly SInv}
     2 | D        | Found the +7 great mace "Firestarter" {inner flame, rF++}
     2 | D        | Found the +6 shillelagh "Devastator" {shatter}
     2 | D        | Found the +11 plutonium sword {Contam Stlth-}
     2 | D        | Found the +8 lance "Wyrmbane" {slay drac, rPois rF+ rC+
                  | AC+3}
     2 | D        | Found the +9 sword of Zonguldrok {reap}
     2 | D        | Found the +13 scythe of Curses {drain, Drain}
     2 | D        | Found the +5 sword of Power {vorpal}
     2 | D        | Found the +7 mace of Variability {chain chaos}
     2 | D        | Found the +7 Singing Sword {vorpal, sonic wave}
     2 | D        | Found the +8 storm bow {elec, penet}
     3 | D        | Reached XP level 2. HP: 21/21 MP: 4/7
     4 | D        | Found a transporter.
     4 | D        | Found an ancient bone altar of Kikubaaqudgha.
     4 | D        | Found a viscous altar of Jiyva.
     4 | D        | Found a corrupted altar of Lugonu.
     4 | D        | Found a hazy altar of Hepliaklqana.
     4 | D        | Found a burning altar of Makhleb.
     4 | D        | Found an opulent altar of Gozag.
    24 | D        | Became a worshipper of Sif Muna the Loreminder
    54 | D        | Learned a level 2 spell: Wereblood
    76 | D        | Entered arena 2.
    76 | D        | Noticed a scorpion
    76 | D        | Noticed a tarantella
    76 | D        | Found a transporter.
    79 | D        | Killed a scorpion
    80 | D        | Reached skill level 5 in Spellcasting
    80 | D        | Reached skill level 5 in Transmutations
    80 | D        | Reached XP level 3. HP: 26/26 MP: 7/9
    80 | D        | Reached XP level 4. HP: 31/31 MP: 8/11
    80 | D        | Killed a tarantella
    81 | D        | Reached skill level 5 in Invocations
    81 | D        | Reached XP level 5. HP: 38/38 MP: 8/13
    87 | D        | Learned a level 3 spell: Spider Form
    92 | D        | Learned a level 4 spell: Ice Form
    98 | D        | Learned a level 5 spell: Hydra Form
   207 | D        | Entered arena 3.
   207 | D        | Found a transporter.
   212 | D        | Reached * piety under Sif Muna
   213 | D        | Reached skill level 5 in Dodging
   213 | D        | Reached XP level 6. HP: 45/45 MP: 9/15
   277 | D        | Entered arena 4.
   277 | D        | Noticed a naga
   277 | D        | Found a transporter.
   281 | D        | Reached ** piety under Sif Muna
   284 | D        | Reached skill level 5 in Fighting
   287 | D        | Killed a naga
   524 | D        | Entered arena 5.
   524 | D        | Found a transporter.
   528 | D        | Reached XP level 7. HP: 50/50 MP: 11/17
   531 | D        | Reached *** piety under Sif Muna
   726 | D        | Entered arena 6.
   726 | D        | Found a transporter.
   730 | D        | Reached **** piety under Sif Muna
   818 | D        | Entered arena 7.
   818 | D        | Noticed a spriggan
   818 | D        | Noticed a spriggan rider
   818 | D        | Noticed a spriggan druid
   821 | D        | Reached ***** piety under Sif Muna
   824 | D        | Killed a spriggan rider
   824 | D        | Identified Sif Muna's Disquisition on Shifting Calling (Sif
                  | Muna gifted it to you in the Dungeon)
   824 | D        | Received a gift from Sif Muna
   824 | D        | Killed a hornet
   824 | D        | Killed a spriggan druid
   825 | D        | Reached skill level 10 in Transmutations
   825 | D        | Reached skill level 10 in Invocations
   825 | D        | Reached XP level 8. HP: 13/60 MP: 18/21
   825 | D        | Reached XP level 9. HP: 14/64 MP: 18/22
   825 | D        | Found a transporter.
   827 | D        | Reached skill level 10 in Spellcasting
  1109 | D        | Entered arena 8.
  1109 | D        | Noticed a cane toad
  1109 | D        | Noticed a four-headed hydra
  1109 | D        | Noticed a cane toad
  1117 | D        | Killed a four-headed hydra
  1123 | D        | Slain by a cane toad

Illustrated notes

Levels and vault maps discovered:
D:        sprint_v [room_start, room_1, room_2, room_3, room_4, room_5, room_6,
          room_7, room_8, room_9, room_10, room_11, room_12, room_13, room_14,
          room_15, room_16, room_17, room_18, room_19, room_20, room_21,
          room_22, room_23, room_24, room_25, room_26, room_27]

Skill      XL: |  1  2  3  4  5  6  7  8  9 |
---------------+----------------------------+-----
Fighting       | 3 4 5 7 8 |  8.1
Dodging        | 3 4 5 7 8 |  8.3
Spellcasting   | 4 5 6 7 9 10 | 10.6
Transmutations | 4 5 6 7 8 10 11 | 11.5
Invocations    | 2 5 6 10 11 | 11.5
Unarmed Combat | |  3.0

Action                   |  1- 3 |  4- 6 |  7- 9 || total
-------------------------+-------+-------+-------++-------
Melee: Unarmed           |       |    12 |    17 ||    29
 Cast: Ice Form          |       |     1 |     1 ||     2
       Hydra Form        |       |     2 |     1 ||     3
Invok: Channel Magic     |       |     3 |     1 ||     4
Evoke: Lightning rod     |     1 |     1 |     8 ||    10
       Wand              |     1 |       |     6 ||     7
       Piece from Xom's  |       |       |     1 ||     1
  Use: Potion            |     1 |       |       ||     1
       Scroll            |     1 |       |     1 ||     2
Armor: Skin              |       |     3 |     4 ||     7
Dodge: Dodged            |     1 |     4 |     6 ||    11
Block: Other             |       |     1 |     9 ||    10

Table legend: (Time is in decaauts)
 A = Elapsed time spent in this place.
 B = Non-inter-level travel time spent in this place.
 C = Inter-level travel time spent in this place.
 D = Time resting spent in this place.
 E = Time spent auto-exploring this place.
 F = Levels seen in this place.
 G = Mean time per level.
                   A        B        C        D        E       F      G
               +--------+--------+--------+--------+--------+-----+--------+
         Total |   1116 |   1107 |      9 |    867 |     25 |   1 | 1116.0 |
       Dungeon |   1116 |   1107 |      9 |    867 |     25 |   1 | 1116.0 |
               +--------+--------+--------+--------+--------+-----+--------+

Top non-repeatable levels by time:
       D: 1116 daAuts
